 Dungeon Crawl Stone Soup version 0.23.1 (webtiles) character file.

Game seed: 1682361895578858410

238 Gadfly the Cudgeler (level 5, -6/50 HPs)
             Began as a Troll Berserker on Mar 20, 2019.
             Was a Priest of Trog.
             Mangled by Edmund
             ... wielding a +2 flail of protection
              (7 damage)
             ... on level 4 of the Dungeon.
             The game lasted 00:06:17 (3057 turns).

Gadfly the Cudgeler (Troll Berserker)               Turns: 3057, Time: 00:06:18

Health: -6/50      AC:  7    Str: 25    XL:     5   Next: 78%
Magic:  4/4        EV: 10    Int:  3    God:    Trog [***...]
Gold:   156        SH:  0    Dex: 10    Spells: 4/4 levels left

rFire    . . .     SeeInvis .   a - +0 mace
rCold    . . .     Gourm    +   (no shield)
rNeg     . . .     Faith    .   f - +1 animal skin
rPois    .         Spirit   .   (helmet restricted)
rElec    .         Reflect  .   (no cloak)
rCorr    .         Harm     .   (gloves unavailable)
MR       .....     Clarity  +   (boots unavailable)
Stlth    +.........             (no amulet)
HPRegen  0.56/turn              (no ring)
MPRegen  0.09/turn              (no ring)

@: berserk cooldown, slowed, very slow
A: large, unfitting armour, claws 3, clarity, fast metabolism 3, gourmand,
regeneration 1, screaming 1, shaggy fur 1, tough skin 3
a: Berserk, Trog's Hand, Renounce Religion


You were on level 4 of the Dungeon.
You worshipped Trog.
Trog was most pleased with you.
You were full.

You visited 1 branch of the dungeon, and saw 4 of its levels.

You collected 156 gold pieces.

Inventory:

Hand Weapons
 a - a +0 mace (weapon)
 b - a +0 dagger of draining
Missiles
 i - 232 stones (quivered)
 o - 2 throwing nets
Armour
 f - a +1 animal skin (worn)
Jewellery
 n - an uncursed ring of see invisible {unknown}
Wands
 k - a wand of random effects (26)
Scrolls
 g - 6 scrolls of remove curse
 l - 3 scrolls of identify
Potions
 e - 3 potions of curing
 h - 2 potions of heal wounds
 j - 3 potions of flight
 m - a potion of might {unknown}
Comestibles
 c - 9 rations
 d - 5 chunks of flesh


   Skills:
 - Level 2.4 Fighting
 * Level 5.1 Maces & Flails
 + Level 2.7 Throwing
 - Level 2.4 Dodging


You had 4 spell levels left.
You didn't know any spells.
Your spell library contained the following spells:

 Spells                   Type           Power        Failure   Level  Hunger
 Sandblast                Erth           #.....       52%         1    ##.....
 Passwall                 Tmut/Erth      #.......     67%         2    ###....
 Stone Arrow              Conj/Erth      #.....       88%         3    ####...
 Petrify                  Tmut/Erth      #.......     99%         4    #####..
 Lee's Rapid Deconstruct  Erth           #.........   100%        5    ######.


Dungeon Overview and Level Annotations

Branches:
Dungeon (4/15)
 Temple: D:4-7

Altars:
Elyvilon
Fedhas
Makhleb
Uskayaw

Portals:
Ossuary: D:4

Annotations:
D:4 Edmund


Innate Abilities, Weirdness & Mutations

You are too large for most types of armour.
You have claws for hands.
Your metabolism is lightning-fast.
You like to eat raw meat.
Your natural rate of healing is unusually fast.
You are covered in fur. (AC +1)
You have extremely tough skin. (AC +3)
You possess an exceptional clarity of mind.
You occasionally shout uncontrollably at your foes.


Message History

Edmund is severely wounded.
Edmund hits you but does no damage.
You hit Edmund but do no damage.
Edmund is severely wounded.
Edmund gestures with his flail.
Edmund hits you with a +2 flail of protection.
Edmund hits you with a +2 flail of protection!
* * * LOW HITPOINT WARNING * * *
You barely miss Edmund.
Edmund is severely wounded.
You hear the rapid hiss of an avalanche of sand.
Edmund hits you with a +2 flail of protection!
* * * LOW HITPOINT WARNING * * *
You hit Edmund but do no damage.
Edmund is severely wounded.
Edmund clears his throat.
Edmund hits you with a +2 flail of protection.
* * * LOW HITPOINT WARNING * * *
Edmund hits you with a +2 flail of protection!
You die...

#### #. ...# #.#####
...# #.#...# ...#
#.+.@.+ #### ###.#.@.#
#### # #...##'##....# #
#............# #
#######............# #
#..................+ #
#.#####............# #
#.#..รท......#.......
#####.#.#####...#.##....


You could see Edmund.

Vanquished Creatures
  Blork the orc (D:4)
  A worker ant (D:4)
  A killer bee zombie (D:4)
  Robin (D:4)
  4 adders
  2 worms (D:3)
  4 leopard geckos (D:3)
  2 orcs
  A ball python (D:2)
  A bat (D:1)
  3 giant cockroaches
  16 hobgoblins
  4 jackals (D:3)
  3 quokkas
  5 frilled lizards
  9 goblins
  4 kobolds
  10 rats
  A bush (D:3)
73 creatures vanquished.

Notes
Turn   | Place    | Note
-------+----------+-------------------------------------------
     0 | D:1      | Gadfly the Troll Berserker began the quest for the Orb.
     0 | D:1      | Reached XP level 1. HP: 22/22 MP: 0/0
   199 | D:1      | Reached skill level 3 in Maces & Flails
   303 | D:1      | You fall through a shaft!
   310 | D:2      | Reached XP level 2. HP: 24/29 MP: 1/1
   323 | D:2      | Reached skill level 1 in Throwing
  1275 | D:2      | Reached XP level 3. HP: 32/36 MP: 2/2
  1515 | D:3      | Reached ** piety under Trog
  1806 | D:3      | Reached skill level 4 in Maces & Flails
  1806 | D:3      | Reached XP level 4. HP: 41/44 MP: 3/3
  2319 | D:3      | Found a burning altar of Makhleb.
  2319 | D:3      | Found a blossoming altar of Fedhas.
  2483 | D:3      | Found a hide-covered altar of Uskayaw.
  2505 | D:3      | Gained mutation: You occasionally shout uncontrollably at
                  | your foes. [potion of mutation]
  2505 | D:3      | Gained mutation: You possess an exceptional clarity of
                  | mind. [potion of mutation]
  2547 | D:4      | Noticed Robin
  2547 | D:4      | Noticed Blork the orc
  2588 | D:4      | Killed Blork the orc
  2588 | D:4      | Reached XP level 5. HP: 6/50 MP: 4/4
  2668 | D:4      | Killed Robin
  2671 | D:4      | Reached *** piety under Trog
  2755 | D:4      | Found a white marble altar of Elyvilon.
  2775 | D:4      | Reached skill level 5 in Maces & Flails
  3015 | D:4      | Noticed Edmund
  3017 | D:4      | Found a sand-covered staircase.
  3057 | D:4      | HP: 1/50 [Edmund/+2 flail of protection (5)]
  3057 | D:4      | Mangled by Edmund

Skill      XL: |  1  2  3  4  5 |
---------------+----------------+-----
Maces & Flails | 3 4 5 |  5.1
Throwing       | 1 2 |  2.7
Fighting       | |  2.4
Dodging        | |  2.4

Action                   |  1- 3 |  4- 6 || total
-------------------------+-------+-------++-------
Melee: Mace              |    13 |   137 ||   150
       Dagger            |   117 |   223 ||   340
Invok: Berserk           |       |     3 ||     3
  Use: Scroll            |     7 |     2 ||     9
       Potion            |     1 |     1 ||     2
 Stab: Sleeping          |     1 |       ||     1
  Eat: Chunk             |    22 |    11 ||    33
Armor: Animal skin       |    61 |    90 ||   151
Dodge: Dodged            |    90 |   110 ||   200
